 Dungeon Crawl Stone Soup version 0.29.0-5-ge4962eb29e (webtiles) character file.

Game seed: 17561115494441603682

3273 Arum the Fighter (level 10, -17/83 HPs)
             Began as a Formicid Fighter on Aug 29, 2022.
             Was an Initiate of Gozag.
             Killed from afar by an acid dragon (28 damage)
             ... with a splash of acid
             ... on level 7 of the Dungeon.
             The game lasted 00:08:23 (7377 turns).

Arum the Fighter (Formicid Fighter)                 Turns: 7377, Time: 00:08:24

Health: -17/83     AC:  3    Str: 25    XL:     10   Next: 19%
Magic:  10/10      EV:  9    Int:  8    God:    Gozag
Gold:   1374       SH: 10    Dex: 13    Spells: 9/9 levels left

rFire   . . .      SeeInvis +   a - +0 quarterstaff
rCold   . . .      Faith    .   c - +0 buckler
rNeg    . . .      Spirit   .   b - +0 scale mail
rPois   .          Reflect  +   (helmet unavailable)
rElec   .          Harm     .   h - +0 cloak
rCorr   .          Rampage  .   x - +0 pair of gloves
Will    +....                   (no boots)
Stlth   ..........              d - amulet of reflection
HPRegen 0.23/turn               (no ring)
MPRegen 0.12/turn               (no ring)

@: corroded
A: permanent stasis, dig shafts and tunnels, antennae 3, four strong arms
a: Dig, Shaft Self, Renounce Religion, Potion Petition, Call Merchant, Bribe
Branch


You were on level 7 of the Dungeon.
You worshipped Gozag.
Gozag was most pleased with you.
You visited 1 branch of the dungeon, and saw 7 of its levels.

You collected 1911 gold pieces.
You spent 478 gold pieces at shops.
You paid 59 gold pieces to Gozag.

Inventory:

Hand Weapons
 a - a +0 quarterstaff (weapon)
 D - a +3 quarterstaff of speed
Missiles
 e - a throwing net
 t - 2 javelins
Armour
 b - a +0 scale mail (worn)
 c - a +0 buckler (worn)
 h - a +0 cloak (worn)
 x - a +0 pair of gloves (worn)
Jewellery
 d - an amulet of reflection (around neck)
 u - a ring of ice
Wands
 y - a wand of flame (4)
 C - a wand of polymorph (7)
Scrolls
 g - 3 scrolls of immolation {unknown}
 i - 2 scrolls of identify
 j - 2 scrolls of enchant weapon {unknown}
 m - a scroll of vulnerability {unknown}
 o - 2 scrolls of fog {unknown}
 q - 2 scrolls of magic mapping {unknown}
 r - 3 scrolls of teleportation {unknown}
 s - a scroll of noise {unknown}
 v - a scroll of summoning {unknown}
Potions
 f - 5 potions of curing
 k - a potion of cancellation
 l - a potion of flight
 n - 2 potions of lignification
 z - 2 potions of heal wounds
 A - a potion of attraction


   Skills:
 * Level 9.4 Fighting
 + Level 8.2 Staves
 + Level 9.3 Armour
 + Level 4.0 Shields


You had 9 spell levels left.
You didn't know any spells.
Your spell library contained the following spells:

 Spells                   Type           Power      Damage    Failure   Level
 Foxfire                  Conj/Fire      0%         2x1d4     73%         1
 Slow                     Hex            0%         N/A       73%         1
 Confusing Touch          Hex            0%         N/A       97%         3
 Conjure Flame            Conj/Fire      0%         6-21      97%         3
 Frozen Ramparts          Ice            0%         1d1       97%         3
 Gell's Gravitas          Tloc           0%         N/A       97%         3
 Inner Flame              Hex/Fire       0%         N/A       97%         3
 Lesser Beckoning         Tloc           0%         N/A       97%         3
 Teleport Other           Tloc           0%         N/A       97%         3
 Vampiric Draining        Necr           0%         2d6       97%         3
 Flame Wave               Conj/Fire      0%         2d4       100%        4
 Ice Form                 Ice/Tmut       0%         N/A       100%        4
 Summon Ice Beast         Ice/Summ       0%         N/A       100%        4


Dungeon Overview and Level Annotations

Branches:
Dungeon (7/15)             Temple (0/1) D:6

Altars:
Elyvilon
Gozag
Zin

Shops:
D:2 !   D:4 =   D:6 :


Innate Abilities, Weirdness & Mutations

You cannot be hasted, slowed, berserked, paralysed or teleported.
You can dig through walls and to a lower floor.
You have a pair of large antennae on your head. (SInv)
Your four strong arms can wield two-handed weapons with a shield.


Message History

You hear a howl!
You closely miss the acid dragon. You block the acid dragon's attack.
The acid dragon claws you but does no damage.
You closely miss the acid dragon. You thump the acid dragon!
The acid dragon is moderately wounded.
The acid dragon bites you but does no damage.
The acid dragon misses you.
You sock the acid dragon!
The acid dragon is severely wounded.
You block the acid dragon's attack. The acid dragon barely misses you.
You hit the acid dragon.
The acid dragon is almost dead.
A centaur comes into view. It is wielding a staff of fire.
You block the acid dragon's attack. The acid dragon claws you.
You closely miss the acid dragon.
The acid dragon is almost dead.
The centaur shouts!
The acid dragon spits acid at you. The splash of acid hits you!
The acid corrodes you!
You completely miss the acid dragon.
The acid dragon is almost dead.
The centaur wields a +0 shortbow.
The centaur shoots an arrow.
The arrow hits you! The acid dragon barely misses you.
The acid dragon claws you.
You barely miss the acid dragon.
The acid dragon is almost dead.
The centaur shoots an arrow.
The arrow hits you.
* * * LOW HITPOINT WARNING * * *
You block the acid dragon's attack. The acid dragon claws you.
* * * LOW HITPOINT WARNING * * *
Unknown command.
You closely miss the acid dragon.
The acid dragon is almost dead.
The centaur shoots an arrow.
The arrow hits you!
* * * LOW HITPOINT WARNING * * *
The acid dragon spits acid at you. The splash of acid hits you!!
You die...
Your body crumbles into a pile of gold.

..# #.# ### #.# {
#.# #.# #.# #.#
#.# ########.####
#@.$$$......+
#...D.######.####
#...c.. #...
#....... #...#
.........# #...#
##..####### #.###
##. ... # .#


You could see an acid dragon (catching breath) and a centaur.

Vanquished Creatures
  Pikel (D:6)
  Joseph (D:7)
  A kobold demonologist (D:5)
  A wyvern (D:7)
  A vampire mosquito (D:7)
  A water moccasin (D:7)
  A black bear (D:5)
  2 sky beasts (D:6)
  An ogre (D:5)
  2 centaurs
  A lemure (D:6)
  A phantom (D:4)
  3 necrophages
  3 scorpions
  3 wights (D:7)
  2 jellies (D:4)
  4 orc priests
  2 hounds (D:4)
  An iguana (D:4)
  8 orc wizards
  8 gnolls
  6 adders
  A shadow imp (D:5)
  A white imp (D:5)
  2 worms
  2 dart slugs (D:3)
  The ghost of sanka the Sneak, a weakling FeDe (D:5)
  17 orcs
  7 bats
  11 endoplasms
  5 giant cockroaches
  4 goblins
  7 hobgoblins
  7 jackals
  6 kobolds
  5 quokkas
  5 ball pythons
  3 frilled lizards
  3 rats
141 creatures vanquished.

Notes
Turn   | Place    | Note
-------+----------+-------------------------------------------
     0 | D:1      | Arum the Formicid Fighter began the quest for the Orb.
     0 | D:1      | Reached XP level 1. HP: 18/18 MP: 1/1
   318 | D:1      | Reached XP level 2. HP: 21/24 MP: 2/2
  1031 | D:2      | Reached XP level 3. HP: 27/30 MP: 3/3
  1569 | D:2      | Found Feur Dodd's Distillery.
  1576 | D:2      | Bought a potion of heal wounds for 55 gold pieces
  1771 | D:3      | Reached XP level 4. HP: 37/37 MP: 4/4
  2133 | D:2      | Bought a potion of curing for 33 gold pieces
  2209 | D:3      | Reached XP level 5. HP: 33/39 MP: 5/5
  2878 | D:4      | Reached XP level 6. HP: 40/50 MP: 6/6
  3049 | D:4      | Reached skill level 5 in Fighting
  3061 | D:4      | Reached skill level 5 in Armour
  3274 | D:4      | Found Fophi's Jewellery Emporium.
  3307 | D:4      | Found a white marble altar of Elyvilon.
  3320 | D:4      | Became a worshipper of Elyvilon the Healer
  3411 | D:4      | Reached XP level 7. HP: 52/56 MP: 7/7
  3512 | D:4      | Found an opulent altar of Gozag.
  3524 | D:4      | Fell from the grace of Elyvilon
  3524 | D:4      | Became a worshipper of Gozag Ym Sagoz the Greedy
  4119 | D:5      | Entered Level 5 of the Dungeon
  4186 | D:5      | Reached skill level 5 in Staves
  4543 | D:5      | Found a glowing silver altar of Zin.
  4614 | D:5      | Reached XP level 8. HP: 39/65 MP: 8/8
  4751 | D:5      | Noticed a kobold demonologist
  4765 | D:5      | Noticed a sixfirhy
  4773 | D:5      | Noticed a rust devil
  4783 | D:5      | Killed a kobold demonologist
  5295 | D:5      | Reached XP level 9. HP: 19/72 MP: 9/9
  5603 | D:5      | Found a runed translucent door.
  5603 | D:5      | Noticed sanka's ghost (weakling FeDe)
  5688 | D:5      | Killed sanka's ghost
  5760 | D:6      | Found Faklag's Book Shop.
  5820 | D:6      | Noticed Pikel
  5823 | D:6      | Killed Pikel
  6178 | D:4      | Bought an amulet of reflection for 390 gold pieces
  6371 | D:6      | Found a staircase to the Ecumenical Temple.
  6976 | D:7      | Noticed Joseph
  6993 | D:7      | Reached XP level 10. HP: 50/82 MP: 10/10
  7000 | D:7      | Killed Joseph
  7016 | D:7      | Identified a scroll of acquirement
  7016 | D:7      | Acquired 1195 gold pieces
  7377 | D:7      | Killed from afar by an acid dragon

Illustrated notes

Levels and vault maps discovered:
D:1:      dpeg_arrival_water_fire, layout_basic
D:2:      layout_rooms, serial_shops, nicolae_shop_trees
D:3:      layout_rooms, minmay_quadrilaterals
D:4:      minmay_inner_zag, layout_basic, old_standard_altar,
          lemuel_crystal_altar, serial_shops, nicolae_square_shop, st_stairs_3
D:5:      layout_basic, zin_treasury, gammafunk_ghost_grave,
          palyth_stone_intersect
D:6:      layout_basic, minmay_temple_entry_large_hall, serial_shops, shop,
          serial_glass, glass_columns_b, glass_columns_c, uniq_pikel
D:7:      minmay_blocky_corners, layout_basic, nicolae_qazlal_eye_of_the_storm,
          nicolae_sif_muna_condensation, uniq_joseph

Skill      XL: |  1  2  3  4  5  6  7  8  9 10 |
---------------+-------------------------------+-----
Fighting       | 4 5 6 7 8 9 |  9.4
Armour         | 4 5 6 7 8 9 |  9.3
Staves         | 3 4 5 6 7 8 |  8.2
Shields        | |  4.0

Action                   |  1- 3 |  4- 6 |  7- 9 | 10-12 || total
-------------------------+-------+-------+-------+-------++-------
Melee: Quarterstaff      |    90 |   145 |   251 |    50 ||   536
 Abil: Dig               |       |     2 |     3 |       ||     5
Evoke: Wand              |       |       |     2 |       ||     2
  Use: Potion            |       |       |     3 |       ||     3
       Scroll            |       |       |       |     7 ||     7
Armor: Scale mail        |    50 |    51 |    84 |    17 ||   202
Dodge: Dodged            |    35 |    50 |    86 |     7 ||   178
Block: Buckler           |    22 |    29 |    57 |    17 ||   125
       Reflection        |       |       |     5 |     1 ||     6
